 Seeded DCSS version 0.32-a0-411-g744942f433 (webtiles) character file.

Game seed: 3227987363254714492 (custom seed)

8 shadowstone the Trooper (level 2, -2/24 HPs)
             Began as a Coglin Cinder Acolyte on Feb 20, 2024.
             Was a High Priest of Ignis.
             Succumbed to an orc's poison
             ... on level 3 of the Dungeon.
             The game lasted 00:02:10 (274 turns).

shadowstone the Trooper (Coglin Cinder Acolyte)      Turns: 274, Time: 00:02:11

Health: -2/24      AC: 11    Str: 14    XL:     2   Next: 8%
Magic:  3/3        EV:  3    Int: 13    God:    Ignis [*****.]
Gold:   16         SH:  0    Dex:  9    Spells: 3/3 levels left

rFire   + . .        a - -1 falchion (flame) {Ikko}
rCold   . . .        (no shield)
rNeg    . . .        f - +0 plate armour
rPois   .            (no helmet)
rElec   .            g - scarf {+Inv}
rCorr   .            (no gloves)
SInv    .            j - +0 pair of boots
Will    .....        (no amulet) Stlth
                     (no ring)
HPRegen 0.24/turn    (no ring)
MPRegen 0.08/turn

%: no passive effects
@: lethally poisoned (-2 -> -35), immotile, revved
A: off-hand wielding, slow wielding, warmup strikes, legs shutdown
a: Renounce Religion, Evoke Invisibility, Fiery Armour, Foxfire Swarm, Rising
Flame


You were on level 3 of the Dungeon.
You worshipped Ignis.
Ignis was extremely pleased with you.
You visited 1 branch of the dungeon, and saw 3 of its levels.

You collected 16 gold pieces.

Inventory:

Hand Weapons
 a - a -1 falchion of flaming (weapon) {Ikko}
Missiles
 d - 2 poisoned darts (quivered)
Armour
 b - a +0 robe
 e - a +0 chain mail
 f - a +0 plate armour (worn)
 g - a scarf of invisibility (worn)
 j - a +0 pair of boots (worn)
Scrolls
 c - a scroll of vulnerability {unknown}
 h - a scroll of identify {unknown}
 i - a scroll of enchant weapon {unknown}


   Skills:
 + Level 3.1 Fighting
 + Level 3.1 Long Blades
 + Level 1.0 Spellcasting
 + Level 3.0 Fire Magic


You had 3 spell levels left.
You didn't know any spells.
Your spell library contained the following spells:

 Spells                   Type           Power      Damage    Failure   Level
 Scorch                   Fire           16%        2d5       100%        2


Dungeon Overview and Level Annotations

Branches:
Dungeon (3/15)

Altars:


Innate Abilities, Weirdness & Mutations

You can wield a second weapon in your off-hand.
It takes a long time for you to wield or remove held weapons.
Your first few attacks do less damage.
Attacking and casting redirects power from your legs.


Message History

You see here a +0 pair of boots.
j - a +0 pair of boots You start putting on your armour.
You continue putting on your +0 pair of boots. x3
The orc priest shouts!
You hear a shout! x3
The orc priest miscasts a cantrip.
You continue putting on your +0 pair of boots.
You finish putting on your +0 pair of boots.
An orc comes into view. It is wielding a +0 flail.
The orc shouts!
You hear a shout! x3
The orc priest barely misses you.
You completely miss the orc priest.
The orc priest hits you but does no damage.
The orc hits you but does no damage.
You are poisoned.
You barely miss the orc priest.
You feel sick.
An orc wizard comes into view. It is wielding a +0 dagger.
The orc priest hits you but does no damage.
The orc hits you but does no damage.
You are more poisoned.
You completely miss the orc priest.
You feel very sick.
The orc priest invokes the aid of Beogh against you.
You barely resist.
The orc hits you with a +2 short sword of venom.
You are lethally poisoned!
You hit the orc priest but do no damage.
You feel very sick.
The orc priest mumbles some strange prayers to Beogh against you.
You barely resist. The orc hits you but does no damage.
You are more poisoned.
You hit the orc priest but do no damage.
* * * LOW HITPOINT WARNING * * *
You feel very sick.
The orc priest looks braver for a moment.
The orc hits you but does no damage.
You are more poisoned.
You closely miss the orc priest.
You die...
Ignis goes out, and joins you in death.

.......# .P
...........# .♣♣♣P
...........# ♣....♣
...........♣♣....♣
...........♣......
....... ..o....♣...
.......#+#o........
#.....@oo♣
##.......♣
#.......♣
#........#
#........#
#..###...# #..
#...# .... #...♣
.... #...♣


You could see an orc priest, an orc wizard and 2 orcs.

Vanquished Creatures
  A dart slug (D:2)
  A quokka (D:2)
  A ball python (D:1)
  A rat (D:1)
4 creatures vanquished.

Notes
Turn   | Place    | Note
-------+----------+-------------------------------------------
     0 | D:1      | shadowstone the Coglin Cinder Acolyte began the quest for
                  | the Orb.
     0 | D:1      | Reached XP level 1. HP: 18/18 MP: 2/2
   199 | D:2      | Reached XP level 2. HP: 24/24 MP: 3/3
   274 | D:3      | Succumbed to an orc's poison

Illustrated notes

Levels and vault maps discovered:
D:1:      dreamdust_arrival_beginning_and_end, layout_basic,
          kennysheep_minor_cross, solitary_fountain
D:2:      layout_rooms, minmay_crystal_room, uniq_jessica,
          uniq_crazy_yiuf_cottage
D:3:      wad_woods_pond, layout_basic, shapermc_ecumenical_altar_mp_vishouse,
          chequers_decorated_corner, uniq_grinder, uniq_robin

Skill      XL: |  1 |
---------------+----+-----
Fire Magic     | 3 |  3.0
Fighting       | |  3.1
Long Blades    | |  3.1
Spellcasting   | |  1.0

Action                     || total
---------------------------++-------
  Melee: Falchion          ||    12
 Invoke: Fiery Armour      ||     1
 Armour: Plate armour      ||     8
         Robe              ||     1
         Chain mail        ||     1
  Dodge: Dodged            ||     4

Table legend: (Time is in decaauts)
 A = Elapsed time spent in this place.
 B = Non-inter-level travel time spent in this place.
 C = Inter-level travel time spent in this place.
 D = Time resting spent in this place.
 E = Time spent auto-exploring this place.
 F = Levels seen in this place.
 G = Mean time per level.
                   A        B        C        D        E       F      G
               +--------+--------+--------+--------+--------+-----+--------+
         Total |    275 |    275 |      0 |     30 |     18 |   3 |   91.7 |
       Dungeon |    275 |    275 |      0 |     30 |     18 |   3 |   91.7 |
               +--------+--------+--------+--------+--------+-----+--------+

Top non-repeatable levels by time:
     D:2: 139 daAuts
     D:1: 115 daAuts
     D:3: 20 daAuts
